[ AOE2 MATCH · #505110156 ]
UnrankedDravidians vs Tatars
Player's team · WIN
Rival team · LOSS
[ REPLAY ANALYSIS · EXTRACTED FROM THE RECORDED GAME ]
Feudal
8:50
Castle
23:50
Imperial
—
| APM avg | 65.1 |
| APM peak | 104 |
| eAPM avg | 25.1 |
| Villagers / military | 121 / 121 |
Focus
⚔️ 35.0% · 🌾 65.0%
Skirmisher ×56 · Battle Elephant ×26 · Spearman ×25 · Armored Elephant ×9 · Mangonel ×3 · Monk ×2
Feudal
8:50
Castle
24:01
Imperial
—
| APM avg | 64.4 |
| APM peak | 102 |
| eAPM avg | 36.8 |
| Villagers / military | 153 / 27 |
Focus
⚔️ 44.1% · 🌾 55.9%
Mangonel ×9 · Monk ×5 · Scout Cavalry ×5 · Knight ×4 · Spearman ×4
Match map
Initial resources + every placement click. Lines = walls · curves = elevation contours. ◆ gold · ⬟ stone · ● berries · ✦ relic · ◌ wall gap
Your base· Open — 6t gap
[TMG] Lucipher's base· Open — 5t gap
Smoothed initial terrain · ◌ = detected wall gap · hover for details
Inputs per minute
— URU | KING RICO - - [TMG] Lucipher
Build order — URU | KING RICO
First 150 of 403 actions detected
| 0:00 | Create | Villager (Male) |
| 0:01 | Build | House |
| 0:02 | Build | House |
| 0:08 | Create | Villager (Male) |
| 0:08 | Create | Villager (Male) |
| 0:08 | Create | Villager (Male) |
| 1:22 | Create | Villager (Male) |
| 2:02 | Create | Villager (Male) |
| 2:02 | Create | Villager (Male) |
| 2:18 | Build | Lumber Camp |
| 2:19 | Create | Villager (Male) |
| 2:20 | Create | Villager (Male) |
| 2:43 | Create | Villager (Male) |
| 2:43 | Create | Villager (Male) |
| 3:00 | Build | House |
| 3:04 | Create | Villager (Male) |
| 3:04 | Create | Villager (Male) |
| 3:04 | Create | Villager (Male) |
| 4:00 | Create | Villager (Male) |
| 4:01 | Create | Villager (Male) |
| 4:06 | Create | Villager (Male) |
| 5:04 | Build | Mill |
| 5:19 | Create | Villager (Male) |
| 5:20 | Create | Villager (Male) |
| 5:22 | Research | Loom |
| 6:36 | Research | Feudal Age |
| 6:37 | Research | Feudal Age |
| 6:52 | Build | Lumber Camp |
| 7:42 | Build | House |
| 7:45 | Build | Palisade Wall |
| 8:05 | Build | Palisade Wall |
| 8:07 | Build | Palisade Wall |
| 8:08 | Build | Palisade Wall |
| 8:25 | Create | Villager (Male) |
| 8:40 | Build | Barracks |
| 8:50 | Age | Feudal Age |
| 8:52 | Build | Palisade Wall |
| 8:53 | Research | Double-Bit Axe |
| 9:16 | Build | Palisade Wall |
| 9:17 | Build | Palisade Wall |
| 9:23 | Build | Archery Range |
| 9:26 | Create | Spearman |
| 9:26 | Create | Villager (Male) |
| 9:31 | Build | House |
| 9:32 | Build | House |
| 9:36 | Create | Villager (Male) |
| 9:38 | Create | Spearman |
| 10:04 | Create | Villager (Male) |
| 10:06 | Create | Skirmisher |
| 10:08 | Build | House |
| 10:15 | Create | Spearman |
| 10:18 | Create | Skirmisher |
| 10:18 | Create | Villager (Male) |
| 10:21 | Build | Farm |
| 10:38 | Build | House |
| 10:46 | Create | Skirmisher |
| 10:47 | Create | Spearman |
| 10:49 | Build | House |
| 11:00 | Build | House |
| 11:07 | Create | Villager (Male) |
| 11:15 | Create | Skirmisher |
| 11:17 | Create | Spearman |
| 11:21 | Build | House |
| 11:34 | Create | Skirmisher |
| 11:35 | Create | Villager (Male) |
| 11:36 | Create | Villager (Male) |
| 11:43 | Create | Skirmisher |
| 11:51 | Create | Villager (Male) |
| 11:57 | Build | Farm |
| 11:58 | Build | Farm |
| 12:05 | Research | Horse Collar |
| 12:05 | Research | Horse Collar |
| 12:54 | Build | Watch Tower |
| 12:57 | Create | Skirmisher |
| 12:58 | Create | Villager (Male) |
| 12:58 | Create | Villager (Male) |
| 13:03 | Build | Farm |
| 13:05 | Build | Farm |
| 13:07 | Build | Farm |
| 13:18 | Create | Skirmisher |
| 13:21 | Build | Farm |
| 13:23 | Create | Villager (Male) |
| 13:33 | Build | Palisade Wall |
| 13:33 | Build | Palisade Wall |
| 13:34 | Build | Palisade Wall |
| 13:35 | Build | Palisade Wall |
| 13:41 | Create | Skirmisher |
| 13:58 | Build | Blacksmith |
| 14:17 | Create | Villager (Male) |
| 14:19 | Create | Spearman |
| 14:23 | Create | Villager (Male) |
| 14:29 | Create | Spearman |
| 14:42 | Build | Palisade Wall |
| 14:44 | Build | House |
| 14:47 | Create | Skirmisher |
| 14:52 | Create | Spearman |
| 15:02 | Create | Villager (Male) |
| 15:06 | Build | Farm |
| 15:06 | Build | Farm |
| 15:08 | Build | Farm |
| 15:09 | Build | Farm |
| 15:18 | Build | Farm |
| 15:46 | Create | Skirmisher |
| 15:47 | Create | Villager (Male) |
| 15:48 | Create | Villager (Male) |
| 15:50 | Build | Farm |
| 15:59 | Create | Skirmisher |
| 16:20 | Create | Villager (Male) |
| 16:22 | Create | Spearman |
| 16:36 | Create | Villager (Male) |
| 16:40 | Research | Fletching |
| 16:50 | Create | Skirmisher |
| 16:51 | Create | Skirmisher |
| 16:56 | Build | House |
| 17:01 | Create | Skirmisher |
| 17:08 | Create | Skirmisher |
| 17:14 | Create | Skirmisher |
| 17:17 | Research | Padded Archer Armor |
| 17:19 | Create | Villager (Male) |
| 17:25 | Build | Mining Camp |
| 17:26 | Build | Farm |
| 17:46 | Create | Skirmisher |
| 17:47 | Create | Skirmisher |
| 17:48 | Create | Villager (Male) |
| 18:01 | Create | Skirmisher |
| 18:07 | Create | Skirmisher |
| 18:19 | Create | Villager (Male) |
| 18:25 | Build | Market |
| 18:48 | Create | Villager (Male) |
| 18:49 | Create | Villager (Male) |
| 19:05 | Build | Outpost |
| 19:06 | Build | House |
| 19:23 | Build | Watch Tower |
| 19:25 | Create | Skirmisher |
| 19:26 | Create | Villager (Male) |
| 19:37 | Build | Farm |
| 19:41 | Build | Farm |
| 19:56 | Build | House |
| 20:15 | Build | Watch Tower |
| 20:18 | Create | Villager (Male) |
| 20:26 | Create | Villager (Male) |
| 20:39 | Create | Spearman |
| 20:40 | Create | Villager (Male) |
| 21:10 | Research | Castle Age |
| 21:11 | Research | Castle Age |
| 21:46 | Create | Skirmisher |
| 21:53 | Build | Archery Range |
| 21:55 | Create | Spearman |
| 22:04 | Create | Skirmisher |
| 22:13 | Create | Skirmisher |
Build order — [TMG] Lucipher
First 150 of 309 actions detected
| 0:00 | Create | Villager (Male) |
| 0:00 | Create | Villager (Male) |
| 0:01 | Create | Villager (Male) |
| 0:02 | Build | House |
| 0:02 | Build | House |
| 0:08 | Create | Villager (Male) |
| 0:08 | Create | Villager (Male) |
| 1:23 | Create | Villager (Male) |
| 1:46 | Create | Villager (Male) |
| 1:46 | Create | Villager (Male) |
| 2:01 | Build | Lumber Camp |
| 2:10 | Create | Villager (Male) |
| 2:11 | Create | Villager (Male) |
| 2:41 | Create | Villager (Male) |
| 2:41 | Create | Villager (Male) |
| 2:54 | Create | Villager (Male) |
| 2:54 | Create | Villager (Male) |
| 3:35 | Create | Villager (Male) |
| 3:35 | Create | Villager (Male) |
| 3:49 | Build | House |
| 3:55 | Create | Villager (Male) |
| 3:55 | Create | Villager (Male) |
| 3:55 | Create | Villager (Male) |
| 4:30 | Create | Villager (Male) |
| 4:30 | Create | Villager (Male) |
| 4:32 | Build | Mill |
| 4:58 | Create | Villager (Male) |
| 5:16 | Create | Villager (Male) |
| 5:42 | Research | Loom |
| 6:35 | Research | Feudal Age |
| 6:35 | Research | Feudal Age |
| 7:08 | Create | Villager (Male) |
| 7:08 | Create | Villager (Male) |
| 7:54 | Build | Barracks |
| 7:58 | Build | House |
| 8:50 | Age | Feudal Age |
| 8:54 | Build | Stable |
| 8:54 | Research | Double-Bit Axe |
| 9:00 | Research | Horse Collar |
| 9:01 | Create | Villager (Male) |
| 9:04 | Create | Spearman |
| 9:04 | Create | Spearman |
| 9:13 | Build | House |
| 9:36 | Create | Scout Cavalry |
| 9:36 | Create | Scout Cavalry |
| 9:42 | Build | House |
| 9:56 | Build | Farm |
| 9:57 | Create | Villager (Male) |
| 10:07 | Create | Villager (Male) |
| 10:09 | Build | Farm |
| 10:12 | Build | Farm |
| 10:35 | Create | Scout Cavalry |
| 10:43 | Build | Farm |
| 10:48 | Build | Farm |
| 10:54 | Create | Villager (Male) |
| 11:00 | Build | Farm |
| 11:08 | Build | House |
| 11:10 | Build | Palisade Wall |
| 11:12 | Create | Scout Cavalry |
| 11:26 | Build | Palisade Wall |
| 11:26 | Build | Palisade Wall |
| 11:33 | Create | Villager (Male) |
| 11:33 | Create | Villager (Male) |
| 11:37 | Build | Farm |
| 11:56 | Build | Palisade Wall |
| 11:58 | Create | Villager (Male) |
| 12:03 | Create | Villager (Male) |
| 12:04 | Build | House |
| 12:06 | Build | Palisade Wall |
| 12:09 | Build | Watch Tower |
| 12:15 | Create | Villager (Male) |
| 12:16 | Build | Palisade Wall |
| 12:25 | Create | Villager (Male) |
| 12:43 | Create | Villager (Male) |
| 12:47 | Build | Farm |
| 12:56 | Build | Mining Camp |
| 12:57 | Create | Villager (Male) |
| 12:59 | Build | Farm |
| 13:17 | Build | House |
| 13:18 | Build | Palisade Wall |
| 13:34 | Build | House |
| 13:36 | Build | House |
| 13:50 | Create | Villager (Male) |
| 14:08 | Create | Villager (Male) |
| 14:15 | Build | Farm |
| 14:20 | Build | Farm |
| 14:40 | Create | Villager (Male) |
| 14:52 | Build | Lumber Camp |
| 15:03 | Build | House |
| 15:04 | Build | House |
| 15:14 | Create | Villager (Male) |
| 15:22 | Build | Palisade Wall |
| 15:28 | Create | Villager (Male) |
| 15:54 | Create | Villager (Male) |
| 16:34 | Build | Blacksmith |
| 16:36 | Build | House |
| 16:36 | Create | Villager (Male) |
| 16:38 | Build | Farm |
| 16:38 | Build | Farm |
| 16:53 | Create | Scout Cavalry |
| 16:54 | Create | Villager (Male) |
| 17:03 | Build | House |
| 17:09 | Create | Villager (Male) |
| 17:15 | Build | Farm |
| 17:17 | Build | Farm |
| 17:21 | Build | House |
| 17:22 | Build | House |
| 17:28 | Create | Villager (Male) |
| 17:33 | Build | Palisade Gate |
| 17:40 | Create | Villager (Male) |
| 18:05 | Build | Farm |
| 18:11 | Create | Villager (Male) |
| 18:17 | Build | Farm |
| 18:19 | Create | Villager (Male) |
| 18:22 | Build | House |
| 19:16 | Build | Farm |
| 19:17 | Build | Farm |
| 19:46 | Build | Palisade Gate |
| 19:59 | Create | Villager (Male) |
| 20:29 | Build | Market |
| 20:31 | Create | Villager (Male) |
| 20:31 | Create | Villager (Male) |
| 21:09 | Build | House |
| 21:16 | Research | Castle Age |
| 21:16 | Research | Castle Age |
| 21:38 | Build | Watch Tower |
| 21:40 | Research | Fletching |
| 21:41 | Research | Fletching |
| 21:41 | Create | Villager (Male) |
| 22:13 | Research | Bloodlines |
| 22:13 | Research | Bloodlines |
| 22:15 | Build | Farm |
| 22:29 | Build | Farm |
| 22:35 | Build | House |
| 22:37 | Build | Palisade Wall |
| 22:40 | Create | Villager (Male) |
| 22:46 | Build | Palisade Wall |
| 23:40 | Research | Scale Barding Armor |
| 23:40 | Research | Scale Barding Armor |
| 24:01 | Age | Castle Age |
| 24:04 | Create | Knight |
| 24:05 | Research | Bow Saw |
| 24:06 | Create | Villager (Male) |
| 24:12 | Create | Villager (Male) |
| 24:38 | Create | Knight |
| 24:40 | Create | Villager (Male) |
| 24:47 | Build | Siege Workshop |
| 24:53 | Create | Villager (Male) |
| 25:12 | Create | Villager (Male) |
| 25:25 | Create | Mangonel |
Match timeline
| 7:45 | URU | KING RICO · wall_segment Palisade Wall x6 |
| 7:54 | [TMG] Lucipher · first_building Barracks |
| 8:05 | URU | KING RICO · wall_segment Palisade Wall x1 |
| 8:07 | URU | KING RICO · wall_segment Palisade Wall x8 |
| 8:08 | URU | KING RICO · wall_segment Palisade Wall x5 |
| 8:40 | URU | KING RICO · first_building Barracks |
| 8:50 | [TMG] Lucipher · age_up feudal |
| 8:50 | URU | KING RICO · age_up feudal |
| 8:52 | URU | KING RICO · wall_segment Palisade Wall x1 |
| 8:54 | [TMG] Lucipher · first_building Stable |
| 9:16 | URU | KING RICO · wall_segment Palisade Wall x1 |
| 9:17 | URU | KING RICO · wall_segment Palisade Wall x11 |
| 9:23 | URU | KING RICO · first_building Archery Range |
| 11:10 | [TMG] Lucipher · wall_segment Palisade Wall x8 |
| 11:26 | [TMG] Lucipher · wall_segment Palisade Wall x1 |
| 11:26 | [TMG] Lucipher · wall_segment Palisade Wall x1 |
| 11:56 | [TMG] Lucipher · wall_segment Palisade Wall x1 |
| 12:06 | [TMG] Lucipher · wall_segment Palisade Wall x1 |
| 12:16 | [TMG] Lucipher · wall_segment Palisade Wall x1 |
| 13:18 | [TMG] Lucipher · wall_segment Palisade Wall x1 |
| 13:33 | URU | KING RICO · wall_segment Palisade Wall x2 |
| 13:33 | URU | KING RICO · wall_segment Palisade Wall x1 |
| 13:34 | URU | KING RICO · wall_segment Palisade Wall x3 |
| 13:35 | URU | KING RICO · wall_segment Palisade Wall x2 |
| 14:42 | URU | KING RICO · wall_segment Palisade Wall x1 |
| 15:22 | [TMG] Lucipher · wall_segment Palisade Wall x1 |
| 19:12 | URU | KING RICO · first_market_buy 100 stone |
| 20:55 | URU | KING RICO · first_market_sell 100 food |
| 21:34 | [TMG] Lucipher · first_market_sell 100 wood |
| 21:35 | [TMG] Lucipher · first_market_buy 100 stone |
| 22:37 | [TMG] Lucipher · wall_segment Palisade Wall x5 |
| 22:46 | [TMG] Lucipher · wall_segment Palisade Wall x5 |
| 23:50 | URU | KING RICO · age_up castle |
| 23:52 | URU | KING RICO · first_building Siege Workshop |
| 24:01 | [TMG] Lucipher · age_up castle |
| 24:42 | URU | KING RICO · wall_segment Stone Wall x1 |
| 24:43 | URU | KING RICO · wall_segment Stone Wall x1 |
| 24:44 | URU | KING RICO · wall_segment Stone Wall x1 |
| 24:47 | [TMG] Lucipher · first_building Siege Workshop |
| 25:37 | URU | KING RICO · first_building Monastery |
| 28:53 | URU | KING RICO · first_building Stable |
| 30:42 | [TMG] Lucipher · first_building Monastery |
| 37:21 | URU | KING RICO · first_building Castle |
| 40:55 | [TMG] Lucipher · first_building Castle |
| 42:19 | [TMG] Lucipher · resign |
[ AI ANALYSIS · 1 CREDIT ]
What really happened in this match?
Wolo.gg analyzes every decision: build order, eco, micro, common mistakes by bracket. Personalized analysis on WhatsApp or Discord in 30 seconds.
Civ guide
Dravidians
Perfil
Jugador #4410907